AoeStats
← Stuffy

Arena

509759528Analyzed
1v1 RM · 4d ago on Sep 27, 2026· 46m 25s· 2 players
Game mode
Random Map
Map size
Tiny (2 player)
Population
200
Speed
Normal
Resources
Standard
Victory
Conquest
Starting age
Dark Age
Ending age
Imperial Age
RankedLock teamsTeams togetherTeam positionsShared explorationLock speedFull tech treeHidden civsTurbo modeCheats
Victory
Defeat
🇨🇱 Saracens · Chile
807
+15
🇺🇸 Spanish · United States
781
-29
Stuffy
3:47 Loom
11:54 Feudal Age
12:25 Horse Collar
13:52 Wheelbarrow
20:42 Castle Age
19:31 Forging
19:20 Double-Bit Axe
20:03 Gold Mining
20:05 Stone Mining
20:25 Arson
20:46 Pikeman
22:11 Squires
22:53 Hand Cart
24:30 Heavy Plow
27:41 Bow Saw
31:50 Imperial Age
31:08 Stone Shaft Mining
32:53 Elite Conquistador
37:18 Ballistics
37:59 Chemistry
36:47 Arrowslits
37:02 Murder Holes
38:31 Onager
43:17 Conscription
42:30 Sappers
43:39 Hoardings
43:09 Halberdier
NightWanderer86
0:25 Loom
11:23 Feudal Age
13:14 Wheelbarrow
12:30 Double-Bit Axe
13:08 Horse Collar
16:09 Town Watch
16:48 Forging
21:29 Castle Age
20:01 Scale Barding Armor
20:29 Stone Mining
20:32 Gold Mining
22:31 Bow Saw
23:45 Gold Shaft Mining
23:44 Fletching
23:55 Padded Archer Armor
24:52 Bodkin Arrow
27:47 Leather Archer Armor
28:07 Hand Cart
32:07 Imperial Age
31:06 Iron Casting
32:02 Chain Barding Armor
33:39 Ballistics
33:56 Masonry
33:43 Murder Holes
33:54 Heavy Plow
35:27 Blast Furnace
36:30 Chemistry
36:09 Fortified Wall
36:47 Plate Barding Armor
38:28 Elite Skirmisher
41:54 Ring Archer Armor
41:25 Bracer
44:17 Conscription
45:22 Elite Mameluke
47:09 Hoardings
Connection lost

Rejoining the realm…

Still unreachable

The connection could not be restored.

Session expired

The server has moved on; the page needs a fresh start.